 Dungeon Crawl Stone Soup version 0.30-a0-586-g23e55c9e0a (webtiles) character file.

Game seed: 13020741953033257067

14491 Citaku the Fighter (level 11, -1/104 HPs)
             Began as a Minotaur Fighter on Jan 3, 2023.
             Was a High Priest of Wu Jian.
             Slain by Jorgrun
             ... wielding a +0 heavy quarterstaff
              (4 damage)
             ... on level 1 of the Orcish Mines.
             The game lasted 00:23:58 (11912 turns).

Citaku the Fighter (Minotaur Fighter)              Turns: 11912, Time: 00:23:59

Health: -1/104     AC: 20    Str: 24    XL:     11   Next: 89%
Magic:  10/10      EV:  6    Int:  5    God:    Wu Jian [*****.]
Gold:   603        SH: 13    Dex: 11    Spells: 10/10 levels left

rFire   . . .      SeeInvis .    p - +0 hand axe (heavy)
rCold   . . .      Faith    .    r - +2 kite shield {AC+3}
rNeg    . . .      Spirit   .    w - +0 plate armour
rPois   .          Reflect  .    (helmet restricted)
rElec   .          Harm     .    (no cloak)
rCorr   .          Rampage  .    (no gloves)
Will    +....                    m - +0 pair of boots Stlth
                                 (no amulet)
HPRegen 0.37/turn                c - ring of willpower
MPRegen 0.12/turn                (no ring)

@: mighty
A: horns 2, retaliatory headbutt
a: Renounce Religion, Wall Jump, Serpent's Lash, Heavenly Storm


You were on level 1 of the Orcish Mines.
You worshipped Wu Jian.
Wu Jian was extremely pleased with you.
You visited 2 branches of the dungeon, and saw 11 of its levels.

You collected 603 gold pieces.

Inventory:

Hand Weapons
 p - a +0 heavy hand axe (weapon)
Armour
 m - a +0 pair of boots (worn)
 r - a +2 kite shield of protection (worn)
 w - a +0 plate armour (worn)
Jewellery
 c - a ring of willpower (left hand)
Wands
 d - a wand of roots (10)
 s - a wand of flame (35)
 v - a wand of mindburst (11)
Scrolls
 f - 2 scrolls of teleportation
 g - 2 scrolls of identify
 j - a scroll of amnesia
 u - 2 scrolls of noise
 x - a scroll of poison
Potions
 e - a potion of magic
 h - a potion of curing
 i - 2 potions of attraction
 l - 5 potions of flight
 o - 2 potions of haste
 t - a potion of cancellation


   Skills:
 + Level 12.2 Fighting
 + Level 11.9 Axes
 + Level 12.2 Armour
 + Level 12.1 Shields


You had 10 spell levels left.
You didn't know any spells.
Your spell library contained the following spells:

 Spells                   Type           Power      Damage    Failure   Level
 Apportation              Tloc           0%         N/A       100%        1
 Necrotise                Necr           0%         1d4       100%        1
 Summon Small Mammal      Summ           0%         N/A       100%        1
 Blink                    Tloc           0%         N/A       100%        2
 Ensorcelled Hibernation  Hex/Ice        0%         N/A       100%        2
 Momentum Strike          Conj/Tloc      0%         3d8       100%        2
 Scorch                   Fire           0%         2d5       100%        2
 Sublimation of Blood     Necr           0%         N/A       100%        2
 Gell's Gravitas          Tloc           0%         N/A       100%        3
 Lesser Beckoning         Tloc           0%         N/A       100%        3
 Spider Form              Tmut/Pois      0%         N/A       100%        3
 Teleport Other           Tloc           0%         N/A       100%        3
 Anguish                  Hex/Necr       0%         N/A       100%        4
 Flame Wave               Conj/Fire      0%         2d4       100%        4
 Olgreb's Toxic Radiance  Pois           0%         N/A       100%        4
 Petrify                  Tmut/Erth      0%         N/A       100%        4
 Irradiate                Conj/Tmut      0%         3d11      100%        5
 Summon Forest            Summ/Tloc      0%         N/A       100%        5
 Eringya's Noxious Bog    Tmut/Pois      0%         N/A       100%        6
 Summon Cactus Giant      Summ           0%         N/A       100%        6
 Ozocubu's Refrigeration  Ice            0%         4d7       100%        7
 Summon Hydra             Summ           0%         N/A       100%        7
 Ignition                 Fire           0%         3d3       100%        8


Dungeon Overview and Level Annotations

Branches:
Dungeon (9/15)             Temple (0/1) D:5            Lair (0/5) D:8
    Orc (2/2) D:9
    Elf: Orc:2

Altars:
Cheibriados
Dithmenos
Elyvilon
Fedhas
Gozag
Kikubaaqudgha
Okawaru
Qazlal
Ru
Sif Muna
Wu Jian
Xom
The Shining One
Lugonu

Portals:
Abyss: D:8

Annotations:
Orc:1 Jorgrun


Innate Abilities, Weirdness & Mutations

You have a pair of horns on your head.
You reflexively headbutt those who attack you in melee.


Message History

You hit the orc warrior. You closely miss the orc.
The orc hits you but does no damage. The orc warrior closely misses you.
The orc warrior hits you with a +0 battleaxe!
You slash Jorgrun! Your headbutt misses Jorgrun.
Jorgrun is moderately wounded.
You hit the orc warrior but do no damage.
You hit the ogre. You hit the orc warrior. You closely miss the orc.
You block the ogre's attack.
Jorgrun hits you with a +0 heavy quarterstaff!
You block the orc warrior's attack. The orc hits you but does no damage.
The orc warrior barely misses you.
You feel very mighty all of a sudden. You block the orc warrior's attack.
You block the orc's attack.
The ogre hits you with a +0 giant club!!
Jorgrun hits you with a +0 heavy quarterstaff.
The orc warrior hits you with a +0 battleaxe!
* * * LOW HITPOINT WARNING * * *
As you read the scroll of fear, it crumbles to dust.
You assume a fearsome visage.
The ogre looks frightened!
The orc looks frightened!
The orc warrior looks frightened! x2
Jorgrun resists with almost no effort.
The orc warrior begs for mercy.
Jorgrun gestures at you while chanting. You block the iron shot.
As you read the scroll of teleportation, it crumbles to dust.
You feel strangely unstable. You block Jorgrun's attack.
Blink to where?
Press: ? - help, Dir - move target
As you read the scroll of blinking, it crumbles to dust.
The orc warrior nearly stumbles in trying to escape.
Your surroundings suddenly seem different.
You spin and attack Jorgrun.
You hit Jorgrun.
Jorgrun is moderately wounded.
Jorgrun mutters some incantations to himself.
Jorgrun hits you with a +0 heavy quarterstaff!!
* * * LOW HITPOINT WARNING * * *
As you read the scroll of fear, it crumbles to dust.
You assume a fearsome visage.
Jorgrun easily resists.
Jorgrun hits you with a +0 heavy quarterstaff.
You die...

#..........###...##
##..........##...#####
#...#.........o.#>#.##
##...#................##
##.......[..)....##.....##
#....)#.<>...............#
#....)[..[).............##
#....[[.g..[............##
##.......@.[..............
##..................#.....
#........................#
#....#.....O...#.#......##
##....#.........#.....###
##...................#
##.##....####.#.##.##
######### ########


You could see Jorgrun, an ogre (fleeing) and an orc (fleeing).

Vanquished Creatures
  An orc warlord (Orc:1)
  3 two-headed ogres (Orc:1)
  An ogre mage (Orc:1)
  2 cyclopes (Orc:1)
  3 slime creatures (D:7)
  A troll (Orc:1)
  Grinder (D:5)
  Sigmund (D:5)
  A wyvern (D:9)
  11 yaks
  2 steam dragons
  Edmund (D:5)
  2 wargs (Orc:1)
  A water moccasin (D:7)
  4 ice beasts
  12 orc warriors
  7 centaurs
  4 black bears
  9 ogres
  A phantom (D:7)
  2 kobold brigands (D:9)
  6 bullfrogs
  A necrophage (D:7)
  3 scorpions
  19 wights (D:8)
  A water moccasin zombie (D:3)
  7 killer bees
  A howler monkey (D:5)
  A jelly (D:8)
  4 hounds
  4 gnoll boudas (D:9)
  17 orc priests
  5 iguanas
  Natasha (thrice) (D:2)
  11 orc wizards
  2 hound zombies (D:3)
  Robin (D:2)
  4 adders
  9 gnolls
  3 shadow imps
  An adder zombie (D:3)
  A worm (D:3)
  3 dart slugs
  49 orcs
  6 ball pythons
  5 endoplasms
  4 giant cockroaches
  9 hobgoblins
  4 jackals (D:2)
  5 quokkas
  A ball python zombie (D:3)
  5 bats
  8 frilled lizards
  17 goblins
  4 kobolds
  5 rats
  A butterfly (D:8)
  2 lurking horrors (D:8)
302 creatures vanquished.

Vanquished Creatures (others)
  An orc warrior (Orc:2)
  An orc wizard (Orc:2)
  A quokka (D:9)
  6 fungi (D:9)
  11 plants (D:9)
  5 withered plants (D:3)
25 creatures vanquished.

Grand Total: 327 creatures vanquished

Notes
Turn   | Place    | Note
-------+----------+-------------------------------------------
     0 | D:1      | Citaku the Minotaur Fighter began the quest for the Orb.
     0 | D:1      | Reached XP level 1. HP: 19/19 MP: 0/0
    89 | D:1      | Reached XP level 2. HP: 27/27 MP: 1/1
   920 | D:2      | Found a stormy altar of Qazlal.
   921 | D:2      | Noticed Natasha
   922 | D:2      | Noticed a crimson imp
   929 | D:2      | Reached XP level 3. HP: 33/33 MP: 2/2
   929 | D:2      | Killed Natasha
  1057 | D:2      | Noticed Robin
  1062 | D:2      | Reached XP level 4. HP: 29/41 MP: 3/3
  1069 | D:2      | Killed Robin
  1153 | D:2      | Noticed Natasha
  1162 | D:2      | Killed Natasha
  1315 | D:2      | Noticed Natasha
  1326 | D:2      | Killed Natasha
  1327 | D:2      | Reached XP level 5. HP: 44/47 MP: 4/4
  3305 | D:3      | Reached skill level 5 in Fighting
  3305 | D:3      | Reached skill level 5 in Armour
  3401 | D:3      | Reached skill level 5 in Shields
  3938 | D:3      | Reached XP level 6. HP: 56/56 MP: 5/5
  4182 | D:4      | Found a shadowy altar of Dithmenos.
  4356 | D:4      | Found a snail-covered altar of Cheibriados.
  4661 | D:4      | Found an ornate altar of the Wu Jian Council.
  4668 | D:4      | Became a worshipper of the Wu Jian Council
  4698 | D:4      | Found a blossoming altar of Fedhas.
  4944 | D:5      | Entered Level 5 of the Dungeon
  4956 | D:5      | Reached XP level 7. HP: 57/62 MP: 6/6
  4956 | D:5      | Noticed Edmund
  4965 | D:5      | Killed Edmund
  4966 | D:5      | Reached skill level 5 in Axes
  5189 | D:5      | Reached XP level 8. HP: 65/71 MP: 7/7
  5245 | D:5      | Noticed Sigmund
  5256 | D:5      | Killed Sigmund
  5266 | D:5      | Noticed Grinder
  5284 | D:5      | Killed Grinder
  5314 | D:5      | Reached * piety under Wu Jian
  5378 | D:5      | Reached XP level 9. HP: 46/81 MP: 8/8
  5527 | D:5      | Found a staircase to the Ecumenical Temple.
  6049 | D:6      | You fall into a shaft and drop 1 floor!
  6142 | D:7      | Found an opulent altar of Gozag.
  6187 | D:7      | Reached ** piety under Wu Jian
  6368 | D:7      | Found an iron altar of Okawaru.
  6789 | D:7      | Killed a large slime creature
  7196 | D:6      | Reached XP level 10. HP: 47/91 MP: 9/9
  7699 | D:8      | Found a one-way gate to the infinite horrors of the Abyss.
  7699 | D:8      | Found a corrupted altar of Lugonu.
  8080 | D:8      | Found an ancient bone altar of Kikubaaqudgha.
  8140 | D:8      | Reached *** piety under Wu Jian
  8164 | D:8      | Found a staircase to the Lair.
  8177 | D:8      | Reached skill level 10 in Fighting
  8180 | D:8      | Reached skill level 10 in Armour
  8186 | D:8      | Reached skill level 10 in Shields
  8376 | D:8      | Found a stormy altar of Qazlal.
  8408 | D:8      | Found a shimmering altar of Xom.
  8743 | D:8      | Found a sacrificial altar of Ru.
  8915 | D:9      | Reached skill level 10 in Axes
  9026 | D:9      | Found a glowing golden altar of the Shining One.
  9047 | D:9      | Found a staircase to the Orcish Mines.
  9082 | D:9      | Found a white marble altar of Elyvilon.
  9188 | D:9      | Reached **** piety under Wu Jian
  9249 | D:9      | Reached XP level 11. HP: 64/101 MP: 10/10
 10003 | D:9      | Found a shimmering blue altar of Sif Muna.
 10419 | Orc:1    | Entered Level 1 of the Orcish Mines
 10562 | Orc:1    | Noticed an ogre mage
 10571 | Orc:1    | Noticed a two-headed ogre
 10574 | Orc:1    | Noticed a two-headed ogre
 10576 | Orc:1    | Noticed a two-headed ogre
 10577 | Orc:1    | Killed a two-headed ogre
 10580 | Orc:1    | Paralysed by something for 3 turns
 10585 | Orc:1    | Killed an ogre mage
 10585 | Orc:1    | Killed a two-headed ogre
 10586 | Orc:1    | Killed a two-headed ogre
 10698 | Orc:1    | Reached ***** piety under Wu Jian
 10874 | Orc:2    | Entered Level 2 of the Orcish Mines
 10874 | Orc:2    | Noticed an orc warlord
 11268 | Orc:1    | Killed an orc warlord
 11564 | Orc:2    | Noticed Jorgrun
 11911 | Orc:1    | HP: 3/104 [Jorgrun/+0 heavy quarterstaff (20)]
 11912 | Orc:1    | Slain by Jorgrun

Illustrated notes

Levels and vault maps discovered:
D:1:      elethiomel_arrival_shortcut, layout_loops_corners
D:2:      layout_basic, basic_altar, kennysheep_generic_room_3, uniq_natasha,
          uniq_robin
D:3:      layout_loops_corners, serial_undead, serial_undead_e, serial_undead_b,
          serial_undead_e, serial_undead_a, chequers_serial_rivers_room_a
D:4:      layout_basic, mainiacjoe_overflow_concentric_impassable,
          nzn_wu_jian_council_hall, grunt_dithmenos_smoke_and_mirrors,
          mainiacjoe_overflow_six_doors_small
D:5:      layout_cave_pools, temple_pool_b, uniq_grinder, uniq_edmund,
          uniq_sigmund
D:6:      layout_rooms
D:7:      layout_basic, lemuel_round_altar, mainiacjoe_overflow_alcove_2
D:8:      layout_rooms, lemuel_round_altar, xom_butterflies, kennysheep_mini,
          lemuel_doored_altar, lair_entry_dummy,
          amcnicky_altar_lugonu_corruption
D:9:      kennysheep_seaside_town, layout_basic, led_sif_pool,
          overflow_temple_1_default, elyvilon_altar_4
Orc:1:    layout_caves, basic_altar, minmay_orc_temple_b
Orc:2:    st_orc_rangers, layout_caves, nicolae_orc_pool_cavern, elf_legates,
          uniq_jorgrun

Skill      XL: |  1  2  3  4  5  6  7  8  9 10 11 |
---------------+----------------------------------+-----
Fighting       | 4 5 6 8 9 10 12 | 12.2
Armour         | 4 5 6 7 9 10 12 | 12.2
Shields        | 4 5 6 8 9 10 12 | 12.1
Axes           | 3 4 5 7 9 10 11 | 11.9

Action                   |  1- 3 |  4- 6 |  7- 9 | 10-12 || total
-------------------------+-------+-------+-------+-------++-------
Melee: War axe           |    56 |    81 |       |   269 ||   406
       Headbutt          |     2 |    22 |    48 |    65 ||   137
       Hand axe          |       |    38 |   221 |    90 ||   349
Invok: Lunge             |       |     1 |    14 |    36 ||    51
       Whirlwind         |       |       |    18 |    44 ||    62
       Serpent's Lash    |       |       |       |     1 ||     1
  Use: Scroll            |       |     7 |       |    11 ||    18
       Potion            |       |       |     1 |    16 ||    17
Armor: Scale mail        |    40 |    62 |    55 |       ||   157
       Plate armour      |       |       |    28 |   207 ||   235
Dodge: Dodged            |    46 |    70 |    42 |    77 ||   235
Block: Buckler           |    19 |    17 |       |       ||    36
       Kite shield       |       |    26 |   130 |   261 ||   417

Table legend: (Time is in decaauts)
 A = Elapsed time spent in this place.
 B = Non-inter-level travel time spent in this place.
 C = Inter-level travel time spent in this place.
 D = Time resting spent in this place.
 E = Time spent auto-exploring this place.
 F = Levels seen in this place.
 G = Mean time per level.
                   A        B        C        D        E       F      G
               +--------+--------+--------+--------+--------+-----+--------+
         Total |  12041 |  12041 |      0 |   3460 |   5585 |  11 | 1094.6 |
       Dungeon |  10526 |  10526 |      0 |   2578 |   5313 |   9 | 1169.6 |
  Orcish Mines |   1515 |   1515 |      0 |    882 |    272 |   2 |  757.5 |
               +--------+--------+--------+--------+--------+-----+--------+

Top non-repeatable levels by time:
     D:2: 2273 daAuts
     D:9: 1538 daAuts
   Orc:1: 1486 daAuts
     D:8: 1278 daAuts
     D:7: 1157 daAuts
     D:3: 996 daAuts
     D:4: 939 daAuts
     D:1: 916 daAuts
     D:6: 748 daAuts
     D:5: 677 daAuts
   Orc:2: 28 daAuts
